 Dungeon Crawl Stone Soup version 0.29.1-1-gd02db6906a (webtiles) character file.

Game seed: 15547779157782833366

6904 RogueRain17 the Fighter (level 11, -2/89 HPs)
             Began as a Gnoll Wanderer on Oct 5, 2022.
             Was a Believer of Qazlal.
             Slain by a yak (13 damage)
             ... on level 10 of the Dungeon.
             The game lasted 00:48:59 (13769 turns).

RogueRain17 the Fighter (Gnoll Wanderer)           Turns: 13769, Time: 00:48:59

Health: -2/89      AC:  3    Str:  8    XL:     11   Next: 6%
Magic:  16/23      EV: 15    Int: 16    God:    Qazlal [**....]
Gold:   513        SH:  8    Dex: 15    Spells: 17/26 levels left

rFire   + . .      SeeInvis .   K - +3 arbalest (freeze)
rCold   + . .      Faith    .   (shield currently unavailable)
rNeg    . . .      Spirit   .   e - +0 robe
rPois   .          Reflect  +   x - +0 helmet
rElec   .          Harm     .   g - scarf {repulsion}
rCorr   .          Rampage  .   (no gloves)
Will    .....                   (no boots)
Stlth   +++.......              w - amulet of reflection
HPRegen 0.24/turn               F - ring of protection from cold
MPRegen 0.18/turn               R - ring of protection from fire

@: about to teleport, repel missiles
A: fangs 1, strong nose, distributed training
a: Renounce Religion, Upheaval


You were on level 10 of the Dungeon.
You worshipped Qazlal.
Qazlal was pleased with you.
You visited 2 branches of the dungeon, and saw 11 of its levels.

You collected 646 gold pieces.
You spent 133 gold pieces at shops.

Inventory:

Hand Weapons
 u - a +2 dagger of speed
 z - a +1 dagger of draining
 J - a +0 short sword of electrocution
 K - a +3 arbalest of freezing (weapon)
 L - a +1 broad axe of flaming
 U - a +0 spectral quarterstaff
Missiles
 v - 4 boomerangs
 I - 17 poisoned darts
 W - a boomerang of dispersal
Armour
 e - a +0 robe (worn)
 g - a scarf of repulsion (worn)
 s - a scarf of resistance
 x - a +0 helmet (worn)
 D - a +3 buckler
Jewellery
 f - a ring of resist corrosion
 w - an amulet of reflection (around neck)
 y - an amulet of magic regeneration
 F - a ring of protection from cold (left hand)
 G - an amulet of regeneration
 R - a ring of protection from fire (right hand)
Wands
 N - a wand of roots (4)
 T - a wand of digging (5)
Scrolls
 d - 2 scrolls of vulnerability
 k - 2 scrolls of amnesia
 n - 2 scrolls of enchant armour
 r - a scroll of fog
 t - a scroll of poison
Potions
 h - a potion of attraction {unknown}
 j - 4 potions of heal wounds {unknown}
 l - 4 potions of lignification {unknown}
 m - a potion of haste {unknown}
 q - 2 potions of resistance {unknown}
 B - a potion of ambrosia {unknown}
 E - a potion of magic {unknown}
 H - a potion of brilliance {unknown}
 M - a potion of might {unknown}
 O - a potion of curing
 S - a potion of mutation {unknown}


   Skills:
 + Level 9.1 Fighting
 + Level 6.1 Short Blades
 + Level 6.1 Long Blades
 + Level 6.1 Axes
 + Level 6.1 Maces & Flails
 + Level 6.1 Polearms
 + Level 6.1 Staves
 + Level 6.1 Ranged Weapons
 + Level 6.7 Throwing
 + Level 6.1 Armour
 + Level 6.1 Dodging
 + Level 6.1 Stealth
 + Level 6.1 Shields
 + Level 6.1 Unarmed Combat
 + Level 8.0 Spellcasting
 + Level 5.1 Conjurations
 + Level 5.1 Hexes
 + Level 5.1 Summonings
 + Level 5.1 Necromancy
 + Level 5.1 Translocations
 + Level 5.1 Transmutations
 + Level 5.1 Fire Magic
 + Level 7.5 Ice Magic
 + Level 5.1 Air Magic
 + Level 5.1 Earth Magic
 + Level 5.1 Poison Magic
 + Level 7.2 Invocations
 + Level 6.1 Evocations


You had 17 spell levels left.
You knew the following spells:

 Your Spells              Type           Power      Damage    Failure   Level
a - Freeze                Ice            100%       1d11      1%          1
b - Foxfire               Conj/Fire      88%        2x1d8     1%          1
c - Conjure Flame         Conj/Fire      22%        6-21      4%          3
d - Hailstorm             Conj/Ice       26%        3d7       9%          4

Your spell library contained the following spells:

 Spells                   Type           Power      Damage    Failure   Level
 Inner Flame              Hex/Fire       22%        N/A       4%          3
 Summon Ice Beast         Ice/Summ       26%        N/A       9%          4
 Flame Wave               Conj/Fire      22%        2d8       14%         4
 Chain Lightning          Conj/Air       11%        3d14      100%        9
 Fire Storm               Conj/Fire      11%        8d3       100%        9
 Shatter                  Erth           11%        3d12*     100%        9


Dungeon Overview and Level Annotations

Branches:
Dungeon (10/15)            Temple (1/1) D:6             Orc (0/2) D:10
   Lair: D:8-11

Altars:
Ashenzari
Cheibriados
Dithmenos
Elyvilon
Fedhas
Gozag
Hepliaklqana
Kikubaaqudgha
Makhleb
Nemelex Xobeh
Okawaru
Qazlal
Sif Muna
Trog
Uskayaw
Vehumet
Wu Jian
Xom
Yredelemnul
The Shining One

Shops:
D:3 ([*   D:7 :   D:9 ?=*

Annotations:
D:2 Sigmund
D:3 3 runed translucent doors, Wentworth's ghost, amateur DsIE
D:5 5 runed translucent doors, Crazy Yiuf


Innate Abilities, Weirdness & Mutations

You have very sharp teeth.
Your uncanny sense of smell can sniff out nearby items.
Your experience applies equally to all skills.


Message History

The air fills with toxic fumes!
As you read the scroll of poison, it crumbles to dust.
Something hits you.
The centaur shoots an arrow.
You reflect the arrow off an invisible shield around you!
The arrow hits the centaur!
The centaur shoots an arrow.
The arrow closely misses you. Something hits you!
* * * LOW HITPOINT WARNING * * *
You hear an angry buzzing noise.
You feel better. You block something's attack.
The centaur shoots an arrow.
You reflect the arrow off an invisible shield around you!
The arrow hits the centaur.
Something hits you!
* * * LOW HITPOINT WARNING * * *
Unknown command.
You feel better. Something hits you. Something barely misses you.
Your surroundings suddenly seem different. 4 yaks and an acid dragon come into view.
The yak bellows! x2
The yak is engulfed in freezing vapours.
The yak gores you!
* * * LOW HITPOINT WARNING * * *
The yak barely misses you.
As you read the scroll of fear, it crumbles to dust.
You assume a fearsome visage.
The yak looks frightened! x4
The acid dragon looks frightened!
The acid dragon roars!
The yak is engulfed in freezing vapours.
Found a scroll of teleportation and a scroll of fear.
Cornered, the yak turns to fight!
You see here a scroll of teleportation.
a - a scroll of teleportation The yak seems to regain its courage.
Fire: K) +3 arbalest (freeze)
Press: ? - help, Q - select action, (/) - cycle Shift-Dir - straight line, f - yak
Aim: a yak (75% to hit)
You shoot a bolt. The bolt barely misses the yak.
As you read the scroll of teleportation, it crumbles to dust.
You feel strangely unstable. The yak gores you!
* * * LOW HITPOINT WARNING * * *
The yak gores you!
You die...

.. ##........ ### .#
#........ ...
#........ ∆ #..
#........ #.#
#........ ##.#
##.....o. #..#
##....... #.Y#
#.D....... #.@#
.....$.....
#Y######.##.$......
#...............$..
####.##..........o..
#........###...>....
#........#
###........#
#Y.........#
#Y...........#


You could see 2 yaks.

Vanquished Creatures
  Erica (D:9)
  Joseph (D:8)
  Maggie (D:7)
  A kobold demonologist (D:9)
  2 trolls (D:9)
  A hornet (D:9)
  A shadow (D:5)
  2 wyverns
  Eustachio (D:5)
  A vampire mosquito (D:10)
  Menkaure (D:5)
  2 water moccasins
  3 orc warriors
  A sky beast (D:7)
  3 ice beasts
  3 black bears
  An ogre (D:5)
  2 centaurs
  2 phantoms
  3 bullfrogs
  2 kobold brigands
  A gnoll sergeant (D:5)
  3 scorpions
  3 necrophages
  5 wights (D:7)
  5 killer bees (D:4)
  3 electric eels (D:6)
  A gnoll bouda (D:9)
  5 hounds
  3 jellies
  5 orc priests
  13 orc wizards
  Ijyb (D:4)
  4 iguanas
  Robin (D:2)
  3 gnolls (D:5)
  9 adders
  A white imp (D:6)
  2 worms
  5 dart slugs
  48 orcs
  9 ball pythons
  6 endoplasms
  3 giant cockroaches
  9 hobgoblins
  2 jackals (D:2)
  7 quokkas
  9 bats
  3 frilled lizards
  13 goblins
  19 kobolds
  5 rats
  4 foxfires
245 creatures vanquished.

Vanquished Creatures (collateral kills)
  A foxfire (D:6)
1 creature vanquished.

Vanquished Creatures (others)
  185 foxfires
  12 plants (D:6)
197 creatures vanquished.

Grand Total: 443 creatures vanquished

Notes
Turn   | Place    | Note
-------+----------+-------------------------------------------
     0 | D:1      | RogueRain17 the Gnoll Wanderer began the quest for the Orb.
     0 | D:1      | RogueRain17 set off with the following items: a +0 dagger,
                  | 10 boomerangs, a scroll of teleportation, a scroll of
                  | vulnerability, a +0 robe; and the following spell
                  | memorised: Freeze; and the following spells available to
                  | memorise: Hailstorm, Summon Ice Beast.
     0 | D:1      | Reached XP level 1. HP: 23/23 MP: 6/6
   229 | D:1      | Reached XP level 2. HP: 29/29 MP: 7/7
   485 | D:1      | Reached skill level 5 in Spellcasting
   485 | D:1      | Reached XP level 3. HP: 35/35 MP: 7/9
  1081 | D:2      | Noticed Robin
  1098 | D:2      | Killed Robin
  1099 | D:2      | Reached skill level 1 in Short Blades
  1099 | D:2      | Reached skill level 1 in Long Blades
  1099 | D:2      | Reached skill level 1 in Axes
  1099 | D:2      | Reached skill level 1 in Maces & Flails
  1099 | D:2      | Reached skill level 1 in Polearms
  1099 | D:2      | Reached skill level 1 in Staves
  1099 | D:2      | Reached skill level 1 in Ranged Weapons
  1099 | D:2      | Reached skill level 1 in Armour
  1099 | D:2      | Reached skill level 1 in Dodging
  1099 | D:2      | Reached skill level 1 in Stealth
  1099 | D:2      | Reached skill level 1 in Shields
  1099 | D:2      | Reached skill level 1 in Unarmed Combat
  1099 | D:2      | Reached skill level 1 in Evocations
  1105 | D:2      | Reached XP level 4. HP: 20/41 MP: 1/11
  1351 | D:2      | Reached skill level 1 in Conjurations
  1351 | D:2      | Reached skill level 1 in Hexes
  1351 | D:2      | Reached skill level 1 in Summonings
  1351 | D:2      | Reached skill level 1 in Necromancy
  1351 | D:2      | Reached skill level 1 in Translocations
  1351 | D:2      | Reached skill level 1 in Transmutations
  1351 | D:2      | Reached skill level 1 in Fire Magic
  1351 | D:2      | Reached skill level 1 in Air Magic
  1351 | D:2      | Reached skill level 1 in Earth Magic
  1351 | D:2      | Reached skill level 1 in Poison Magic
  1402 | D:2      | Noticed Sigmund
  2074 | D:3      | Learned a level 1 spell: Foxfire
  2135 | D:3      | Found Guaff's General Store.
  2147 | D:3      | Reached XP level 5. HP: 27/47 MP: 12/12
  2315 | D:3      | Found a faded altar of an unknown god.
  2564 | D:3      | Found a hide-covered altar of Uskayaw.
  2638 | D:3      | Found Jiumoq's Antique Armour Shop.
  2731 | D:3      | Found a runed translucent gate.
  2735 | D:3      | Found a runed translucent gate.
  2770 | D:3      | Found a runed translucent gate.
  2864 | D:3      | Found Esuwkem's Weapon Emporium.
  3101 | D:3      | Noticed Wentworth's ghost (amateur DsIE)
  3175 | D:4      | Noticed a black bear
  3183 | D:4      | Killed a black bear
  3184 | D:4      | Reached XP level 6. HP: 53/53 MP: 5/13
  3287 | D:4      | Noticed Ijyb
  3302 | D:4      | Killed Ijyb
  3503 | D:4      | Noticed a black bear
  3509 | D:4      | Killed a black bear
  3511 | D:4      | Reached skill level 7 in Fighting
  3511 | D:4      | Reached XP level 7. HP: 41/60 MP: 15/15
  3878 | D:4      | Found a stormy altar of Qazlal.
  3896 | D:4      | Became a worshipper of Qazlal Stormbringer
  4197 | D:4      | Learned a level 3 spell: Conjure Flame
  4271 | D:4      | Reached XP level 8. HP: 37/67 MP: 4/16
  4966 | D:4      | Found a blossoming altar of Fedhas.
  5023 | D:5      | Entered Level 5 of the Dungeon
  5035 | D:5      | Learned a level 4 spell: Hailstorm
  5328 | D:5      | Found an ornate altar of the Wu Jian Council.
  5547 | D:5      | Found a large runed translucent door.
  5549 | D:5      | Found a large runed translucent door.
  5551 | D:5      | Noticed a two-headed ogre
  5553 | D:5      | Noticed a yak
  5569 | D:5      | Found a large runed translucent door.
  5569 | D:5      | Found a large runed translucent door.
  5627 | D:5      | Noticed Menkaure
  5628 | D:5      | Killed Menkaure
  5865 | D:5      | Found a runed translucent door.
  5866 | D:5      | Noticed Crazy Yiuf
  6031 | D:5      | Noticed Eustachio
  6038 | D:5      | Killed Eustachio
  6038 | D:5      | Reached * piety under Qazlal
  6039 | D:5      | Reached skill level 5 in Invocations
  6161 | D:5      | Reached XP level 9. HP: 68/73 MP: 14/18
  6604 | D:6      | Reached skill level 5 in Throwing
  6940 | D:6      | Found a staircase to the Ecumenical Temple.
  7478 | D:7      | Noticed Maggie
  7478 | D:7      | Found Salyn's Book Emporium.
  7650 | D:6      | Reached skill level 8 in Fighting
  8453 | Temple   | Entered the Ecumenical Temple
  9867 | D:7      | Reached skill level 5 in Short Blades
  9867 | D:7      | Reached skill level 5 in Long Blades
  9867 | D:7      | Reached skill level 5 in Axes
  9867 | D:7      | Reached skill level 5 in Maces & Flails
  9867 | D:7      | Reached skill level 5 in Polearms
  9867 | D:7      | Reached skill level 5 in Staves
  9867 | D:7      | Reached skill level 5 in Ranged Weapons
  9867 | D:7      | Reached skill level 5 in Armour
  9867 | D:7      | Reached skill level 5 in Dodging
  9867 | D:7      | Reached skill level 5 in Stealth
  9867 | D:7      | Reached skill level 5 in Shields
  9867 | D:7      | Reached skill level 5 in Unarmed Combat
  9867 | D:7      | Reached skill level 5 in Evocations
  9876 | D:7      | Reached XP level 10. HP: 81/81 MP: 20/20
  9979 | D:7      | Reached ** piety under Qazlal
 10198 | D:7      | Killed Maggie
 11411 | D:8      | Noticed Joseph
 11421 | D:8      | Killed Joseph
 11541 | D:8      | Found an iron altar of Okawaru.
 11541 | D:8      | Found a radiant altar of Vehumet.
 11541 | D:8      | Found an ancient bone altar of Kikubaaqudgha.
 11875 | D:9      | Found Idoraa's Magic Scroll Boutique.
 11938 | D:9      | Bought a scroll of brand weapon for 133 gold pieces
 11964 | D:9      | Found Bafeask's General Store.
 11994 | D:9      | Found a hazy altar of Hepliaklqana.
 12349 | D:9      | Noticed a kobold demonologist
 12351 | D:9      | Killed a kobold demonologist
 12386 | D:9      | Noticed Erica
 12393 | D:9      | Killed Erica
 12447 | D:9      | Reached skill level 9 in Fighting
 12805 | D:9      | Reached *** piety under Qazlal
 12851 | D:9      | Found Doif's Jewellery Emporium.
 12955 | D:9      | Reached skill level 5 in Conjurations
 12955 | D:9      | Reached skill level 5 in Hexes
 12955 | D:9      | Reached skill level 5 in Summonings
 12955 | D:9      | Reached skill level 5 in Necromancy
 12955 | D:9      | Reached skill level 5 in Translocations
 12955 | D:9      | Reached skill level 5 in Transmutations
 12955 | D:9      | Reached skill level 5 in Fire Magic
 12955 | D:9      | Reached skill level 5 in Air Magic
 12955 | D:9      | Reached skill level 5 in Earth Magic
 12955 | D:9      | Reached skill level 5 in Poison Magic
 13050 | D:9      | Reached XP level 11. HP: 52/89 MP: 17/22
 13715 | D:10     | Entered Level 10 of the Dungeon
 13715 | D:10     | Noticed a cyclops
 13745 | D:10     | Found a staircase to the Orcish Mines.
 13745 | D:10     | Noticed an orc knight
 13769 | D:10     | Slain by a yak

Illustrated notes

Levels and vault maps discovered:
D:1:      dpeg_arrival_simpleton_b, layout_loops_corners
D:2:      layout_basic, uniq_sigmund, uniq_robin
D:3:      layout_loops_cross, mainiacjoe_overflow_brackets, gammafunk_ghost_icy,
          serial_shops, shop, nicolae_shop_bloodbath_and_beyond, shop,
          basic_ecumenical_altar, minmay_fountain_box, st_stairs_11
D:4:      layout_rooms, mainiacjoe_overflow_tiny_flanked, fedhas_altar_4,
          uniq_ijyb
D:5:      layout_basic, mainiacjoe_overflow_six_doors_small,
          minmay_hollow_rounded_squares, uniq_crazy_yiuf_cottage, uniq_menkaure,
          uniq_eustachio
D:6:      layout_loops_ring, minmay_temple_entry_grid, serial_bayou_lagoon_b
D:7:      layout_cave_pools, serial_shops, shop, minmay_bent, uniq_maggie
D:8:      layout_basic, gammafunk_temple_overflow_forgotten, st_stairs_13,
          grunt_ministairs_11, uniq_joseph
D:9:      layout_layer_cave, worldfamousw_hep_ancestral_shrine, serial_shops,
          nicolae_square_shop, nicolae_shop_stone, nicolae_stop_n_shop_2,
          kennysheep_small_square, uniq_erica
D:10:     layout_rooms, nicolae_ru_awakened_eye, zin_scriptorium, orc_david_3,
          minmay_lizard_king
Temple:   nicolae_temple_slightly_damp_pantheon

Skill      XL: |  1  2  3  4  5  6  7  8  9 10 11 |
---------------+----------------------------------+-----
Spellcasting   | 5 6 7 8 |  8.0
Short Blades   | 1 2 3 5 6 |  6.1
Long Blades    | 1 2 3 5 6 |  6.1
Axes           | 1 2 3 5 6 |  6.1
Maces & Flails | 1 2 3 5 6 |  6.1
Polearms       | 1 2 3 5 6 |  6.1
Staves         | 1 2 3 5 6 |  6.1
Ranged Weapons | 1 2 3 5 6 |  6.1
Armour         | 1 2 3 5 6 |  6.1
Dodging        | 1 2 3 5 6 |  6.1
Stealth        | 1 2 3 5 6 |  6.1
Shields        | 1 2 3 5 6 |  6.1
Unarmed Combat | 1 2 3 5 6 |  6.1
Evocations     | 1 2 3 5 6 |  6.1
Conjurations   | 1 2 3 4 5 |  5.1
Hexes          | 1 2 3 4 5 |  5.1
Summonings     | 1 2 3 4 5 |  5.1
Necromancy     | 1 2 3 4 5 |  5.1
Translocations | 1 2 3 4 5 |  5.1
Transmutations | 1 2 3 4 5 |  5.1
Fire Magic     | 1 2 3 4 5 |  5.1
Air Magic      | 1 2 3 4 5 |  5.1
Earth Magic    | 1 2 3 4 5 |  5.1
Poison Magic   | 1 2 3 4 5 |  5.1
Invocations    | 3 4 5 6 7 |  7.2
Throwing       | 3 4 5 6 |  6.7
Fighting       | 7 8 9 |  9.1
Ice Magic      | 6 7 |  7.5

Action                   |  1- 3 |  4- 6 |  7- 9 | 10-12 || total
-------------------------+-------+-------+-------+-------++-------
Melee: Whip              |    14 |   102 |    91 |       ||   207
       Bite              |     5 |    14 |    23 |       ||    42
       Punch             |       |     1 |     1 |       ||     2
       Dagger            |       |       |    72 |       ||    72
       Short sword       |       |       |    20 |       ||    20
 Fire: Arbalest          |       |       |    24 |   105 ||   129
Throw: Boomerang         |    83 |    13 |    22 |       ||   118
       Dart              |       |       |    22 |       ||    22
 Cast: Freeze            |    16 |    17 |    76 |    31 ||   140
       Foxfire           |       |    15 |    76 |    16 ||   107
       Hailstorm         |       |       |    13 |    18 ||    31
       Conjure Flame     |       |       |     2 |     1 ||     3
Evoke: Wand              |       |     6 |    13 |     8 ||    27
  Use: Scroll            |       |       |    10 |    16 ||    26
       Potion            |       |       |       |     2 ||     2
 Stab: Sleeping          |       |     6 |       |       ||     6
       Distracted        |       |     1 |       |       ||     1
Armor: Robe              |     5 |    15 |    25 |     7 ||    52
Dodge: Dodged            |    16 |    58 |   116 |    58 ||   248
       Repelled          |     2 |       |     4 |     1 ||     7
Block: Buckler           |       |       |    88 |       ||    88
       Reflection        |       |       |     3 |     3 ||     6
       Other             |       |       |     1 |    38 ||    39
